 Dungeon Crawl Stone Soup version 0.23-a0-643-g9ccc95a (console) character file.

146 Surr the Vexing (level 5, -2/40 HPs)
             Began as a Formicid Enchanter on Dec 31, 2018.
             Was an Initiate of the Shining One.
             Slain by a worker ant (3 damage)
             ... on level 3 of the Dungeon.
             The game lasted 00:07:08 (3200 turns).

Surr the Vexing (Formicid Enchanter)                Turns: 3200, Time: 00:07:09

Health: -2/40      AC:  2    Str: 18 (19) XL:     5   Next: 53%
Magic:  2/8        EV: 12    Int: 13 (14) God:    the Shining One [......]
Gold:   29         SH:  0    Dex:  9 (11) Spells: 2/8 levels left

rFire    . . .     SeeInvis +   j - +0 mace
rCold    . . .     Gourm    .   (no shield)
rNeg     . . .     Faith    .   b - +0 robe
rPois    .         Spirit   .   (helmet unavailable)
rElec    .         Reflect  .   (no cloak)
rCorr    .         Harm     .   (no gloves)
MR       .....                  (no boots)
Stlth    +.........             (no amulet)
HPRegen  0.13/turn              (no ring)
MPRegen  0.11/turn              (no ring)

@: mighty, lethally poisoned (-2 -> -11), glowing
A: permanent stasis, dig shafts and tunnels, four strong arms, antennae 3
a: Dig, Shaft Self, Renounce Religion


You were on level 3 of the Dungeon.
You worshipped the Shining One.
The Shining One was noncommittal.
You were near starving.

You visited 1 branch of the dungeon, and saw 3 of its levels.

You collected 29 gold pieces.

Inventory:

Hand Weapons
 a - a +1 dagger
 j - a +0 mace (weapon)
Armour
 b - a +0 robe (worn)
 g - a cursed -2 ring mail
Jewellery
 k - an uncursed ring of fire
Scrolls
 c - a scroll of enchant armour {unknown}
 f - 6 scrolls of remove curse {unknown}
 i - a scroll of teleportation {unknown}
Potions
 e - a potion of flight
Comestibles
 d - a ration


   Skills:
 + Level 2.9 Fighting
 - Level 1.0 Short Blades
 - Level 1.7 Dodging
 - Level 4.0 Stealth
 - Level 2.1 Spellcasting
 + Level 5.1 Hexes
 - Level 2.0 Ice Magic


You had 2 spell levels left.
You knew the following spells:

 Your Spells              Type           Power        Failure   Level  Hunger
a - Corona                Hex            ##.....      3%          1    ##.....
b - Ensorcelled Hibernat  Hex/Ice        ##....       9%          2    ###....
c - Confuse               Hex            ##......     9%          3    ####...

Your spell library contained the following spells:

 Spells                   Type           Power        Failure   Level  Hunger
 Tukima's Dance           Hex            ##......     9%          3    ####...
 Dazzling Spray           Conj/Hex       #.....       26%         3    ####...


Dungeon Overview and Level Annotations

Branches:
Dungeon (3/15)

Altars:
Elyvilon
The Shining One


Innate Abilities, Weirdness & Mutations

You cannot be hasted, slowed, berserked, paralysed or teleported.
You can dig through walls and to a lower floor.
Your four strong arms can wield two-handed weapons with a shield.
You have a pair of large antennae on your head. (SInv)


Message History

The worker ant bites you but does no damage.
You closely miss the worker ant.
The worker ant is heavily wounded.
The worker ant bites you.
* * * LOW HITPOINT WARNING * * *
The worker ant barely misses you.
You closely miss the worker ant.
The worker ant is heavily wounded.
You feel sick. The worker ant misses you.
You barely miss the worker ant.
The worker ant is heavily wounded.
The worker ant barely misses you.
The worker ant bites you but does no damage.
You hit the worker ant.
The worker ant is severely wounded.
The worker ant bites you.
* * * LOW HITPOINT WARNING * * *
You are more poisoned.
The worker ant poisons you! The worker ant bites you.
You die...

#..#.#.#..#....#... ..
#..)............... ...
#..################ ..a.
#...# #....>.....##
....####...# #..........##
...!S..#...###..........##
.......#.....#............
.......###...#..)......###
........a@...#.........#
###.######.......###'###
#.######...###.# #.#
#............#.# #.#
########.....#.# #.#
##.#..#.# #.# #.#..#.# #.#
#.#.<#.# #.# #.#.##.# #.#


You could see a worker ant.

Vanquished Creatures
  3 gnolls
  4 adders
  An ooze (D:1)
  3 worms
  2 dart slugs
  2 leopard geckos (D:1)
  2 orcs
  4 ball pythons
  3 giant cockroaches
  5 goblins
  4 hobgoblins
  2 jackals (D:2)
  8 kobolds
  A quokka (D:3)
  11 bats
  4 frilled lizards
  8 rats
67 creatures vanquished.

Notes
Turn   | Place    | Note
-------+----------+-------------------------------------------
     0 | D:1      | Surr the Formicid Enchanter began the quest for the Orb.
     0 | D:1      | Reached XP level 1. HP: 13/13 MP: 3/3
    75 | D:1      | Reached skill level 1 in Fighting
    75 | D:1      | Reached XP level 2. HP: 21/21 MP: 5/5
    81 | D:1      | Reached skill level 4 in Hexes
    86 | D:1      | Learned a level 2 spell: Ensorcelled Hibernation
   397 | D:1      | Reached XP level 3. HP: 20/26 MP: 3/6
  1256 | D:1      | Reached skill level 1 in Ice Magic
  1314 | D:2      | Reached XP level 4. HP: 29/33 MP: 4/7
  1576 | D:2      | Learned a level 3 spell: Confuse
  1806 | D:2      | Reached XP level 5. HP: 39/39 MP: 5/8
  1811 | D:2      | Found a glowing golden altar of the Shining One.
  1824 | D:2      | Became a worshipper of the Shining One
  2277 | D:2      | Found a white marble altar of Elyvilon.
  2471 | D:2      | Reached skill level 5 in Hexes
  2940 | D:3      | HP: 2/40 [orc/+0 trident (9)]
  3200 | D:3      | HP: 1/40 [worker ant (4)]
  3200 | D:3      | Slain by a worker ant

Vault maps used:
D:1:      dpeg_arrival_round_a
D:2:      marbit_many_paths, lemuel_crystal_altar
D:3:      minmay_misc_feat_rugged

Skill      XL: |  1  2  3  4  5 |
---------------+----------------+-----
Fighting       | 1 2 |  2.9
Hexes          | 4 5 |  5.1
Ice Magic      | 1 2 |  2.0
Stealth        | 4 |  4.0
Short Blades   | |  1.0
Dodging        | |  1.7
Spellcasting   | |  2.1

Action                   |  1- 3 |  4- 6 || total
-------------------------+-------+-------++-------
Melee: Dagger            |    97 |   132 ||   229
       Mace              |       |    20 ||    20
 Cast: Ensorcelled Hiber |    13 |    19 ||    32
       Corona            |     2 |     4 ||     6
       Confuse           |       |     1 ||     1
  Use: Potion            |     1 |     5 ||     6
 Stab: Sleeping          |    10 |    10 ||    20
  Eat: Chunk             |     2 |     6 ||     8
Armor: Robe              |    28 |    29 ||    57
Dodge: Dodged            |    77 |    93 ||   170

Table legend:
 A = Non-vault XP
 B = Vault XP
 C = Vault XP percentage of total XP
 D = Non-vault monster count
 E = Vault monster count
 F = Vault count percentage of total count
                 A         B        C        D         E       F
            +---------+---------+-------+---------+---------+-------
      Total |     196 |      13 |   6.2 |      66 |       1 |   1.5
            +---------+---------+-------+---------+---------+-------
        D:1 |      66 |       0 |   0.0 |      28 |       0 |   0.0
        D:2 |      93 |      13 |  12.3 |      26 |       1 |   3.7
        D:3 |      37 |       0 |   0.0 |      12 |       0 |   0.0
            +---------+---------+-------+---------+---------+-------
